AoeStats
← GURU

Fortress

510279905Analyzed
4v4 RM · 1d ago on Sep 30, 2026· 14m 10s· 8 players
Game mode
Random Map
Map size
Huge
Population
200
Speed
Normal
Resources
Standard
Victory
Conquest
Starting age
Dark Age
Ending age
Imperial Age
RankedLock teamsTeams togetherTeam positionsShared explorationLock speedFull tech treeHidden civsTurbo modeCheats
Victory
Defeat
🇨🇳 Dravidians · China
910
+16
🇷🇴 Franks · Romania
805
+20
🇹🇼 Goths · Taiwan
795
+20
🇨🇳 Italians · China
639
+26
🇪🇸 Mongols · Spain
1010
-25
🇧🇷 Huns · Brazil
990
-24
🇬🇧 Saxons · United Kingdom
973
-24
🇻🇳 Teutons · Vietnam
600
-9
不動游星
7:22 Feudal Age
10:32 Double-Bit Axe
12:03 Horse Collar
14:30 Castle Age
13:48 Scale Mail Armor
13:49 Padded Archer Armor
158889596
7:41 Feudal Age
11:50 Castle Age
9:38 Horse Collar
10:41 Double-Bit Axe
roLynxLynx
6:54 Feudal Age
5:54 Loom
8:02 Double-Bit Axe
13:54 Castle Age
WINGER
0:38 Loom
9:27 Feudal Age
14:15 Castle Age
12:01 Horse Collar
12:09 Double-Bit Axe
12:19 Gold Mining
12:20 Stone Mining
AgEnT10101
0:30 Loom
7:37 Feudal Age
12:20 Castle Age
11:05 Double-Bit Axe
11:06 Horse Collar
13:52 Bow Saw
13:46 Heavy Plow
Ubric21
8:04 Feudal Age
12:32 Castle Age
10:18 Horse Collar
10:29 Double-Bit Axe
14:44 Heavy Plow
matheuszagnollii
9:51 Feudal Age
GURU
0:32 Loom
8:06 Feudal Age
8:33 Double-Bit Axe
8:43 Gold Mining
9:51 Wheelbarrow
10:06 Horse Collar
14:33 Castle Age
13:26 Town Watch
Connection lost

Rejoining the realm…

Still unreachable

The connection could not be restored.

Session expired

The server has moved on; the page needs a fresh start.